 Dungeon Crawl Stone Soup version 0.18-a0-1126-ga2d7f46 (webtiles) character file.

10117 namelastname112 the Brilliant (level 11, -11/84 HPs)
             Began as a Black Draconian Artificer on Jan 20, 2016.
             Was a High Priest of Pakellas.
             Killed from afar by a wight (27 damage)
             ... with a wand of draining
             ... on level 10 of the Dungeon.
             The game lasted 00:24:13 (12202 turns).

namelastname112 the Brilliant (DrAr)               Turns: 12202, Time: 00:24:13

Health: -11/84     AC: 18    Str: 14    XL:     11   Next: 32%
Magic:  28/28      EV: 15    Int: 15    God:    Pakellas [*****.]
Gold:   726        SH:  0    Dex: 15    Spells: 0 memorised, 10 levels left

rFire  . . .     SeeInvis .     a - +3 flail (protect)
rCold  . . .     Gourm    .     (armour unavailable)
rNeg   . . .     Faith    .     (no shield)
rPois  +         Spirit   .     (helmet restricted)
rElec  +         Dismiss  .     j - +0 cloak
rCorr  .         Reflect  .     p - +1 pair of gloves
SustAt .         Harm     .     A - +1 pair of boots
MR     .....                    L - amulet of rage
Stlth  +.........               x - +3 ring of intelligence
                                o - ring of magical power

@: drained, not resistant to hostile enchantments, very unstealthy
A: breathe lightning, unfitting armour, blink, blurry vision 1, frail 1, poison
resistance, shaggy fur 1, electricity resistance, cold-blooded, MP-powered
wands, AC +7
a: Breathe Lightning, Blink, Quick Charge, Device Surge, Renounce Religion,
Evoke Berserk Rage


You were on level 10 of the Dungeon.
You worshipped Pakellas.
Pakellas was extremely pleased with you.
You were not hungry.

You visited 2 branches of the dungeon, and saw 11 of its levels.

You collected 726 gold pieces.

Inventory:

Hand Weapons
 a - a +3 flail of protection (weapon)
Armour
 j - a +0 cloak (worn)
 p - a +1 pair of gloves (worn)
 A - a +1 pair of boots (worn)
Rods
 b - a +3 rod of clouds (10/13)
   (Pakellas gifted it to you on level 10 of the Dungeon)
Jewellery
 o - a ring of magical power (left hand)
 r - an uncursed ring of sustain attributes
 u - an uncursed ring of wizardry
 x - a +3 ring of intelligence (right hand)
 L - an amulet of rage (around neck)
 Q - an uncursed ring of flight {unknown}
Wands
 c - a wand of enslavement (0/24)
 d - a wand of random effects (12/48)
 H - a wand of disintegration (7/24)
 J - a wand of fire (5/15)
 P - a wand of flame (12/48)
 R - a wand of disintegration (1/24)
 T - a wand of draining (3/15)
Scrolls
 h - a scroll of enchant weapon
 k - 2 scrolls of identify
 l - a scroll of fog {unknown}
 m - 2 scrolls of amnesia
 n - 2 scrolls of teleportation
 q - a scroll of vulnerability {unknown}
 t - a scroll of magic mapping
 y - a scroll of blinking
 B - a scroll of immolation {unknown}
 I - 2 scrolls of fear {unknown}
 K - a scroll of recharging {unknown}
 O - a scroll of enchant armour {unknown}
Potions
 e - 3 potions of lignification
 g - 7 potions of flight
 i - 4 potions of heal wounds
 z - 6 potions of curing
 C - a potion of might
 F - a potion of invisibility
 G - a potion of brilliance
 M - a potion of cancellation
 N - a potion of beneficial mutation
Books
 E - a book of Beasts

   Spells                             Type                      Level
   a - Summon Butterflies             Summoning                    1
   b - Call Canine Familiar           Summoning                    3
   c - Summon Ice Beast               Ice/Summoning                4
   d - Summon Mana Viper              Hexes/Summoning              5
   e - Summon Hydra                   Summoning                    7
 S - a book of Battle

   Spells                             Type                      Level
   a - Infusion                       Charms                       1
   b - Shroud of Golubria             Charms/Translocation         2
   c - Song of Slaying                Charms                       2
   d - Spectral Weapon                Hexes/Charms                 3
   e - Regeneration                   Charms/Necromancy            3
 U - a book of Flames

   Spells                             Type                      Level
   a - Flame Tongue                   Conjuration/Fire             1
   b - Throw Flame                    Conjuration/Fire             2
   c - Conjure Flame                  Conjuration/Fire             3
   d - Inner Flame                    Hexes/Fire                   3
   e - Sticky Flame                   Conjuration/Fire             4
   f - Fireball                       Conjuration/Fire             5
Comestibles
 f - 8 bread rations
 s - 2 royal jellies
 v - 3 meat rations
 w - a beef jerky
 D - 2 slices of pizza
 V - 2 chunks of flesh


   Skills:
 + Level 8.0(6.8) Fighting
   Level 1.0(0.0) Short Blades
 * Level 9.8(8.5) Maces & Flails
 + Level 7.1(5.9) Dodging
 - Level 0.8(0.0) Stealth
 * Level 11.1(9.8) Evocations


You had 10 spell levels left.
You didn't know any spells.

Dungeon Overview and Level Annotations

Branches:
Dungeon (10/15)            Temple (1/1) D:6            Lair (0/8) D:10
    Orc (0/2) D:10

Altars:
Ashenzari
Cheibriados
Dithmenos
Elyvilon
Gozag
Kikubaaqudgha
Makhleb
Okawaru
Pakellas
Sif Muna
Trog
Xom
Zin

Annotations:
D:5 gorblad's ghost, novice OgBe


Innate Abilities, Weirdness & Mutations

You can breathe wild blasts of lightning.
Your glossy black scales are hard (AC +7).
Your body does not fit into most forms of armour.
You are resistant to electric shocks.
You are cold-blooded and may be slowed by cold attacks.
You can translocate small distances at will.
Scrolls take you a little longer to read.
You are frail (-10% HP).
Your system is resistant to poisons.
You are covered in fur (AC +1).
You expend magic power (3 MP) to strengthen your wands.


Message History

You can't eat that!
Eat which item? (? for menu, Esc to quit)
You aren't quite hungry enough to eat that!
The wight zaps a wand.
The bolt of negative energy misses you.
It is a wand of draining.
You sock the wight!
The wight is almost destroyed.
The wight barely misses you.
The wight zaps a wand.
The bolt of negative energy hits you!
You feel drained.
Things that are here:
2 chunks of flesh; an iguana skeleton You barely miss the wight.
The wight barely misses you. The wight hits you with a battleaxe!
* * * LOW HITPOINT WARNING * * *
You hit the wight but do no damage.
The wight is almost destroyed.
The wight hits you with a scimitar!
* * * LOW HITPOINT WARNING * * *
The wight zaps a wand.
The bolt of negative energy hits you!
You feel drained.
You die...

###.#.### #...# # ##.##
## #.# #### .## #.# #..
..## #.# #.#### ...##
#.###....# ....#
#......z.#
##..#########.##@#
..............##z..z#
.....####.....####...z..
...###................##
##.# #.##.....### ####
#.# #.###....### #.# #.#
##.#...# ##.# #.#
#.###.# ).(# #.# #.# #.#


You could see 4 wights.

Vanquished Creatures
  Urug (D:10)
  2 hill giants (D:10)
  A cyclops (D:10)
  A manticore (D:10)
  2 trolls (D:10)
  Eustachio (D:6)
  2 wraiths (D:10)
  A gnoll shaman (D:10)
  2 hippogriffs (D:8)
  4 vampire mosquitoes (D:9)
  Duvessa (D:6)
  A water moccasin (D:6)
  9 orc warriors
  2 sky beasts
  A black bear (D:7)
  2 necrophages
  A wasp (D:7)
  2 ice beasts
  6 ogres
  2 phantoms
  A centaur (D:7)
  7 big kobolds (D:10)
  2 giant frogs
  2 gnoll sergeants (D:10)
  Dowan (D:6)
  3 scorpions
  7 killer bees (D:10)
  A wight (D:10)
  2 electric eels (D:8)
  3 centaur zombies
  4 crimson imps
  3 hounds
  2 orc priests
  A giant frog skeleton (D:5)
  3 jellies
  4 orc wizards
  2 centaur skeletons
  A hell rat (D:8)
  4 iguanas
  11 worker ants
  2 killer bee zombies
  3 worker ant zombies
  7 gnolls
  14 adders
  9 river rats (D:8)
  5 shadow imps
  3 adder skeletons
  A worm (D:1)
  3 giant geckos
  21 orcs
  2 ball pythons
  5 giant cockroaches
  5 goblins
  10 hobgoblins
  2 jackals
  26 kobolds
  A quokka (D:3)
  9 bats
  9 giant newts
  A jackal skeleton (D:6)
  A quokka zombie (D:8)
  33 rats
280 creatures vanquished.

Vanquished Creatures (collateral kills)
  A gargoyle (D:10)
  A black bear (D:10)
  A giant frog (D:10)
  2 orc priests
  An orc wizard (D:4)
  A worker ant (D:10)
  3 orcs
10 creatures vanquished.

Vanquished Creatures (others)
  A wraith (D:10)
  A yak (D:10)
  A centaur (D:5)
  A wasp (D:10)
  An ogre (D:5)
  A crimson imp (D:10)
  An orc priest (D:4)
  A giant gecko (D:3)
  2 orcs (D:3)
  A plant (D:1)
11 creatures vanquished.

Grand Total: 301 creatures vanquished

Notes
Turn   | Place    | Note
--------------------------------------------------------------
     0 | D:1      | namelastname112 the Draconian Artificer began the quest for the Orb.
     0 | D:1      | Reached XP level 1. HP: 16/16 MP: 3/3
   187 | D:1      | Reached XP level 2. HP: 21/23 MP: 4/4
   754 | D:1      | Reached XP level 3. HP: 21/28 MP: 5/5
   883 | D:1      | Reached skill level 4 in Evocations
  1986 | D:3      | Reached XP level 4. HP: 32/36 MP: 7/7
  2666 | D:3      | Reached skill level 1 in Maces & Flails
  2867 | D:3      | Reached XP level 5. HP: 36/42 MP: 8/8
  2930 | D:3      | Found a snail-covered altar of Cheibriados.
  2931 | D:3      | Found an opulent altar of Gozag.
  3316 | D:4      | Noticed an ogre
  3327 | D:4      | Killed an ogre
  3327 | D:4      | Reached skill level 5 in Evocations
  3591 | D:4      | Reached XP level 6. HP: 50/50 MP: 9/9
  3903 | D:5      | Entered Level 5 of the Dungeon
  4412 | D:5      | Reached XP level 7. HP: 24/57 MP: 11/11
  4412 | D:5      | Your scales start taking on a glossy black colour.
  4412 | D:5      | Gained mutation: You are resistant to electric shocks. [Black Draconian growth]
  4858 | D:5      | Reached skill level 6 in Evocations
  5187 | D:5      | Found a burning altar of Makhleb.
  5241 | D:5      | Noticed gorblad's ghost (novice OgBe)
  5402 | D:6      | Noticed Eustachio
  5433 | D:6      | Reached XP level 8. HP: 35/66 MP: 13/13
  5613 | D:5      | Gained mutation: Scrolls take you a little longer to read. [potion of mutation]
  5613 | D:5      | Gained mutation: You expend magic power (3 MP) to strengthen your wands. [potion of mutation]
  5613 | D:5      | Gained mutation: Your system is resistant to poisons. [potion of mutation]
  5643 | D:5      | HP: 3/66 [gorblad's ghost (33)]
  5998 | D:6      | Noticed Duvessa
  5999 | D:6      | Noticed Dowan
  6009 | D:6      | Killed Duvessa
  6017 | D:6      | Killed Dowan
  6017 | D:6      | Reached skill level 7 in Evocations
  6123 | D:6      | Reached skill level 5 in Maces & Flails
  6199 | D:6      | Killed Eustachio
  6534 | D:6      | Found a staircase to the Ecumenical Temple.
  6548 | Temple   | Entered the Ecumenical Temple
  6562 | Temple   | Became a worshipper of Pakellas the Inventive
  7143 | D:7      | Reached skill level 5 in Fighting
  7881 | D:7      | Reached XP level 9. HP: 74/74 MP: 14/14
  8180 | D:7      | Reached skill level 8 in Evocations
  8520 | D:8      | Reached * piety under Pakellas
  8813 | D:8      | Reached skill level 5 in Dodging
  9331 | D:8      | Reached ** piety under Pakellas
  9331 | D:8      | Received a gift from Pakellas
  9586 | D:9      | Gained mutation: You are covered in fur (AC +1). [potion of mutation]
  9586 | D:9      | Gained mutation: You can translocate small distances at will. [potion of mutation]
  9586 | D:9      | Gained mutation: You are frail (-10% HP). [potion of mutation]
  9676 | D:9      | Reached skill level 9 in Evocations
  9921 | D:9      | Reached XP level 10. HP: 40/75 MP: 17/17
 10245 | D:10     | Entered Level 10 of the Dungeon
 10245 | D:10     | Noticed Urug
 10248 | D:10     | Killed Urug
 10254 | D:10     | Reached *** piety under Pakellas
 10475 | D:10     | Noticed a manticore
 10542 | D:10     | Killed a manticore
 10542 | D:10     | Reached skill level 10 in Evocations
 10635 | D:10     | Noticed a gargoyle
 10637 | D:10     | Noticed a cyclops
 10645 | D:10     | Noticed a hill giant
 11231 | D:10     | Noticed a hill giant
 11244 | D:10     | Reached **** piety under Pakellas
 11244 | D:10     | Received a gift from Pakellas
 11248 | D:10     | Killed a gargoyle
 11255 | D:10     | Killed a hill giant
 11467 | D:10     | Identified a +3 rod of clouds (13/13) (Pakellas gifted it to you on level 10 of the Dungeon)
 11530 | D:10     | Killed a hill giant
 11530 | D:10     | Reached XP level 11. HP: 66/83 MP: 8/18
 11996 | D:10     | Found a staircase to the Orcish Mines.
 12001 | D:10     | Reached ***** piety under Pakellas
 12001 | D:10     | Reached skill level 11 in Evocations
 12112 | D:10     | Found a staircase to the Lair.
 12202 | D:10     | Killed from afar by a wight

Vault maps used:
D:1:      shiori_shiawase, lexackson_kobold_supper
D:2:      first_bread
D:3:      gammafunk_temple_overflow_statue, minmay_close_crescents
D:5:      makhleb_blood_cavern_becter
D:6:      minmay_temple_entry_butterflies, uniq_duvessa, uniq_eustachio
D:7:      patterned_corridor
D:8:      lemuel_ratsnest
D:10:     hangedman_cross_stitches, lair_0_dummy,
          kennysheep_orc_monster_closet_entryway, uniq_urug
Temple:   grunt_circular_temple_18

Action                   |  1- 3 |  4- 6 |  7- 9 | 10-12 || total
-------------------------+-------+-------+-------+-------++-------
Melee: Short sword       |   217 |    62 |       |       ||   279
       Flail             |       |   105 |   524 |   327 ||   956
Invok: Quick Charge      |       |       |       |     1 ||     1
 Abil: Breathe Lightning |       |       |     3 |     1 ||     4
Evoke: Wand              |     3 |     9 |     3 |    13 ||    28
       Rod               |       |       |       |     8 ||     8
  Use: Scroll            |       |       |    17 |     2 ||    19
       Potion            |       |       |     2 |     3 ||     5
 Stab: Sleeping          |     3 |     2 |     3 |       ||     8
       Distracted        |       |     1 |     1 |       ||     2
       Betrayed ally     |       |       |       |     1 ||     1
  Eat: Chunk             |     4 |     7 |    17 |     7 ||    35
       Pizza             |       |       |     1 |       ||     1
       Bread ration      |       |       |       |     1 ||     1
       Beef jerky        |       |       |       |     1 ||     1
